 Dungeon Crawl Stone Soup version 0.19-a0-1920-g83281cb (webtiles) character file.

176 Kirk the Cudgeler (level 5, -1/34 HPs)
             Began as an Octopode Skald on Oct 23, 2016.
             Slain by an orc
             ... wielding a +0 short sword
              (6 damage)
             ... on level 3 of the Dungeon.
             The game lasted 00:03:43 (2054 turns).

Kirk the Cudgeler (Octopode Skald)                  Turns: 2054, Time: 00:03:43

Health: -1/34      AC:  1    Str: 11    XL:     5   Next: 56%
Magic:  5/9        EV: 13    Int: 15    God:
Gold:   72         SH:  0    Dex: 12    Spells: 1 memorised, 8 levels left

rFire  . . .     SeeInvis .     a - +0 mace
rCold  . . .     Gourm    .     (no shield)
rNeg   . . .     Faith    .     (helmet restricted)
rPois  .         Spirit   .     (no amulet)
rElec  .         Reflect  .     e - ring of stealth
rCorr  .         Harm     .     (no ring)
MR     .....                    (no ring)
Stlth  +++.......               (no ring)
                                (no ring)
                                (no ring)
                                (no ring)
                                (no ring)

@: lethally poisoned (-1 -> -10)
A: almost no armour, stealthy swim, amphibious, 8 rings, constrict 8, camouflage
1, gelatinous body 1
a: no special abilities


You were on level 3 of the Dungeon.
You were not hungry.

You visited 1 branch of the dungeon, and saw 3 of its levels.

You collected 72 gold pieces.

Inventory:

Hand Weapons
 a - a +0 mace (weapon)
Missiles
 l - 21 poisoned needles
Jewellery
 e - a ring of stealth (left tentacle)
Scrolls
 d - a scroll of recharging {unknown}
 h - 2 scrolls of remove curse {unknown}
 i - a scroll of fear {unknown}
Books
 b - a book of Battle

   Spells                             Type                      Level
   a - Infusion                       Charms                       1
   b - Shroud of Golubria             Charms/Translocation         2
   c - Song of Slaying                Charms                       2
   d - Spectral Weapon                Hexes/Charms                 3
   e - Regeneration                   Charms/Necromancy            3
Comestibles
 c - 2 bread rations
 f - 2 beef jerkies
 g - 2 fruits
 j - a meat ration


   Skills:
 - Level 2.0 Fighting
 + Level 4.1 Maces & Flails
 - Level 1.5 Dodging
 + Level 2.9 Spellcasting
 + Level 4.0 Charms


You had 8 spell levels left.
You knew the following spells:

 Your Spells              Type           Power        Failure   Level  Hunger
a - Infusion              Chrm           ##..         4%          1    #......


Dungeon Overview and Level Annotations

Branches:
Dungeon (3/15)

Altars:
Okawaru


Innate Abilities, Weirdness & Mutations

You cannot wear most types of armour.
You are very stealthy in the water. (Stealth+)
You are amphibious.
You can wear up to eight rings at the same time.
You can use your tentacles to constrict eight enemies at once.
Your skin changes colour to match your surroundings (Stealth+).
Your rubbery body absorbs attacks. (AC +1, EV +1)


Message History

You are too injured to fight recklessly!
Unknown command.
You aren't carrying any potions.
You are too injured to fight recklessly!
You hit the adder. Your grab misses the adder. Your squeeze misses the adder.
The adder is severely wounded.
The adder barely misses you. x2
Unknown command.
You closely miss the adder. You grab the adder.
The adder is severely wounded.
You constrict the adder. The adder misses you. The adder bites you.
* * * LOW HITPOINT WARNING * * *
You are lethally poisoned!
The adder poisons you!
Unknown command.
You sock the adder!
You kill the adder!
* * * LOW HITPOINT WARNING * * *
You feel sick. The orc hits you with a short sword.
You die...

# # # ###### ... #
#....# ... #
#.##.######.####
#.##............
..#######.##..#####.####
.....ro@†g..............
..#######.##............
#####.#....#.....#.#
......†h...†........
........g..........#
......(..##.####.###
..)......+..# #.# #
.........#### #.#
.......... #..


You could see an orc, a quokka and a hobgoblin.

Vanquished Creatures
  A worker ant (D:3)
  7 adders
  An ooze (D:1)
  2 worms
  3 dart slugs
  2 leopard geckos (D:2)
  An orc (D:3)
  3 giant cockroaches
  10 goblins
  11 hobgoblins
  8 jackals
  A quokka (D:1)
  3 ball pythons
  3 bats
  3 frilled lizards (D:2)
  5 kobolds
  8 rats
72 creatures vanquished.

Notes
Turn   | Place    | Note
-------+----------+-------------------------------------------
     0 | D:1      | Kirk the Octopode Skald began the quest for the Orb.
     0 | D:1      | Reached XP level 1. HP: 14/14 MP: 3/3
    30 | D:1      | Reached XP level 2. HP: 12/19 MP: 0/5
   490 | D:1      | Reached XP level 3. HP: 12/24 MP: 1/6
   844 | D:2      | Reached XP level 4. HP: 22/29 MP: 5/7
  1500 | D:3      | Reached XP level 5. HP: 14/34 MP: 3/9
  1777 | D:3      | Found an iron altar of Okawaru.
  2054 | D:3      | Slain by an orc

Vault maps used:
D:1:      evilmike_arrival_run_for_it
D:3:      kennysheep_okawaru_gauntlet

Skill      XL: |  1  2  3  4  5 |
---------------+----------------+-----
Maces & Flails | 3 4 |  4.1
Charms         | 4 |  4.0
Fighting       | |  2.0
Dodging        | |  1.5
Spellcasting   | |  2.9

Action                   |  1- 3 |  4- 6 || total
-------------------------+-------+-------++-------
Melee: Mace              |    71 |    78 ||   149
       Constrict         |    23 |    22 ||    45
       Tentacles         |     7 |     8 ||    15
 Cast: Infusion          |     6 |     7 ||    13
 Stab: Sleeping          |     3 |     4 ||     7
  Eat: Chunk             |       |     4 ||     4
Armor: Skin              |     3 |     3 ||     6
Dodge: Dodged            |    45 |    63 ||   108
